Maple, chaotic male elven Priest -- -. .. -.G ..-- ..---- - .^...| |. -....| |. --....---- |. |........| |. -..h....-- |.------|..@.....-- |..--..--.........| |.............f..-- |.......|.--.....| --<.--.-------.--- ------- -- Maple the Acolyte Experience level: 4 Strength: 13 Dexterity: 13 Constitution: 6 Intelligence: 10 Wisdom: 19 Charisma: 11 Health: 0(27) Energy: 65(65) Def: 5 Gold: 310 Moves: 1150 Dungeon seed: iotpCBYlsHr0MLOx Game ID: Maple_1615576766 Your Inventory: Coins $ - 310 gold pieces Weapons a - a blessed +1 mace (weapon in hand) o - a +0 orcish dagger w - 8 +0 darts x - a blessed +0 dagger A - 8 +0 arrows (in quiver) B - a +0 bow (alternate weapon; not wielded) Armor e - a +0 robe (being worn) n - a +0 small shield (being worn) r - a blessed +2 orcish helm z - a +0 dwarvish cloak D - a +0 dwarvish iron helm (being worn) E - a +0 pair of iron shoes N - a +0 dwarvish cloak Comestibles c - 2 cloves of garlic d - a sprig of wolfsbane l - an apple p - a lichen corpse Scrolls s - a blessed scroll of identify Spellbooks f - a spellbook of detect unseen g - a spellbook of cure sickness C - a blessed spellbook of clairvoyance Potions b - 3 potions of holy water Tools h - a wooden harp t - a leash Gems q - a worthless piece of white glass y - a worthless piece of violet glass Y - a worthless piece of yellowish brown glass Spells and supernatural/magical abilities: Name Level Category Fail Memory v - clairvoyance 3 divination 74% 100% K - cure sickness 3 healing 70% 95% U - detect unseen 3 divination 74% 95% W - pray for help -- divine ? -- X - turn undead -- divine ? -- Your skills at the end: Fighting Skills Weapon Skills mace [Basic] Spellcasting Skills clerical spells [Basic] Final Attributes: You were piously aligned. You were sleep resistant. You had infravision. You are dead. Vanquished creatures: a gnome lord a gnomish wizard a little dog 3 dwarves an iguana a hobbit 8 gnomes 2 garter snakes a gecko a jackal 2 foxes a goblin 4 sewer rats a grid bug 3 lichens 3 newts 34 creatures vanquished. Voluntary challenges: You were an atheist. You used a wielded weapon 33 times, starting on turn 50. You read items or engraved 6 times, starting on turn 1116. You never genocided any monsters. You never polymorphed an object. You never changed form. You used no wishes. You never split a pudding. You never wrote Elbereth's name. You never violated your personal moral code. Dungeon overview: The Dungeons of Doom: levels 1 to 2 Level 1 a sink a long staircase Level 2 stairs to The Gnomish Mines The Gnomish Mines: levels 3 to 4 Level 3 stairs to The Dungeons of Doom Level 4 <- You were here History has recorded: On T:1 you entered the Dungeons of Doom to retrieve the Amulet of Yendor! On T:304 you advanced to experience level 2. On T:485 you reached level 2 of The Dungeons of Doom. On T:703 you reached level 1 of The Gnomish Mines. On T:710 you advanced to experience level 3. On T:798 you advanced to experience level 4. On T:1125 you reached level 2 of The Gnomish Mines. Score breakdown: Gold: 310 ( 8479 points) Experience: 4 levels ( 9649 points) Exploration: 4 levels ( 8.16%) ( 7500 points) Discoveries: 5 items ( 1.75%) ( 3966 points) Valuables value: (no points given unless you survive) Artifact value: 0 ( 0 points) Variety of kills: 16 monsters ( 4.20%) ( 6147 points) Turncount: 1150 turns ( 0 points) Survival: died (score multiplied by 80%) Total score: 28592 Latest messages: Qwerty misses the dwarf. You kill the dwarf! There are a few objects here. D - a hard hat. You have a little trouble lifting E - a pair of hard shoes. Your movements are slowed slightly because of your load. You start equipping your hard hat. You take off your iron skull cap. You stop changing your equipment. You continue equipping your hard hat. You are now wearing a hard hat. You hit the dwarf king. The dwarf king wields a broad short sword! The broad short sword welds itself to the dwarf king's hand! The dwarf king thrusts his broad short sword. The dwarf king hits! You hit the dwarf king! The dwarf king thrusts his broad short sword. The dwarf king hits! The dwarf king thrusts his broad short sword. The dwarf king hits! You die... Final status: Goodbye Maple the Priest, killed by a dwarf king... You died in The Gnomish Mines on dungeon level 4 with 28592 points, and 310 pieces of gold, after 1150 moves. You were level 4 with a maximum of 27 hit points when you died.